 Dungeon Crawl Stone Soup version 0.23.1-37-gaa34b87b72 (webtiles) character file.

Game seed: 14806987382282915391

20 MisterOstroum the Poker (level 2, 0/22 HPs)
             Began as a Merfolk Skald on Mar 25, 2019.
             Succumbed to a kobold's poison
             ... on level 1 of the Dungeon.
             The game lasted 00:04:05 (778 turns).

MisterOstroum the Poker (Merfolk Skald)              Turns: 778, Time: 00:04:05

Health: 0/22       AC:  4    Str: 11    XL:     2   Next: 79%
Magic:  5/5        EV: 12    Int: 12    God:
Gold:   46         SH:  0    Dex: 13    Spells: 2/5 levels left

rFire    . . .     SeeInvis .   a - +0 spear
rCold    . . .     Gourm    .   (no shield)
rNeg     . . .     Faith    .   b - +0 leather armour
rPois    .         Spirit   .   (no helmet)
rElec    .         Reflect  .   f - +0 cloak
rCorr    .         Harm     .   (no gloves)
MR       .....                  (no boots)
Stlth    ++........             (no amulet)
HPRegen  0.07/turn              g - ring of stealth
MPRegen  0.09/turn              (no ring)

@: lethally poisoned (0 -> -32)
A: change form in water, swift swim, stealthy swim
a: no special abilities


You were on level 1 of the Dungeon.
You were not hungry.

You visited 1 branch of the dungeon, and saw 1 of its levels.

You collected 46 gold pieces.

Inventory:

Hand Weapons
 a - a +0 spear (weapon)
Missiles
 c - 43 stones (quivered)
 d - 16 sling bullets
Armour
 b - a +0 leather armour (worn)
 f - a +0 cloak (worn)
Jewellery
 g - a ring of stealth (left hand)
Scrolls
 i - a scroll of enchant armour {unknown}
Potions
 h - a potion of lignification {unknown}
Comestibles
 e - a ration


   Skills:
 - Level 2.1 Fighting
 * Level 4.0 Polearms
 - Level 0.6 Armour
 - Level 2.6 Dodging
 + Level 2.2 Spellcasting
 + Level 3.5 Charms


You had 2 spell levels left.
You knew the following spells:

 Your Spells              Type           Power        Failure   Level  Hunger
a - Infusion              Chrm           #...         9%          1    ##.....
b - Song of Slaying       Chrm           #.......     12%         2    ###....

Your spell library contained the following spells:

 Spells                   Type           Power        Failure   Level  Hunger
 Shroud of Golubria       Chrm/Tloc      #.........   26%         2    ###....
 Regeneration             Chrm/Necr      #.........   45%         3    ####...
 Spectral Weapon          Hex/Chrm       #.......     45%         3    ####...


Dungeon Overview and Level Annotations

Branches:
Dungeon (1/15)

Altars:
Xom


Message History

You feel sick. The kobold closely misses you.
You hit the kobold.
The kobold is heavily wounded.
You feel sick. The kobold hits you but does no damage.
You are more poisoned.
You closely miss the kobold.
The kobold is heavily wounded.
The kobold hits you with a +1 whip of venom.
You are lethally poisoned!
You barely miss the kobold.
The kobold is heavily wounded.
You feel sick.
The kobold hits you with a +1 whip of venom.
You are more poisoned.
You are too injured to fight recklessly!
* * * LOW HITPOINT WARNING * * *
You feel very sick.
* * * LOW HITPOINT WARNING * * *
You feel sick.
You die...

#.....####### #....# #..^^.#
#....### #.._^.## #...)...
#.^^^..########.......
#.....................
.....#.############...### .
..####...................
....####..#########....####
........K.@.(.......#.##
##############...#..#.#
#..........#.#....#.#
#)#####.(..#.###.##.#####
######.#####....#...........).
#......#...'....#.###.##.##...
#......###.#....#......#..+...
##......#
#.#....#.###..####...
#.......###........# #..# ####


You could see a kobold.

Vanquished Creatures
  A dart slug (D:1)
  A giant cockroach (D:1)
  4 goblins (D:1)
  3 hobgoblins (D:1)
  3 bats (D:1)
  3 frilled lizards (D:1)
  A rat (D:1)
16 creatures vanquished.

Notes
Turn   | Place    | Note
-------+----------+-------------------------------------------
     0 | D:1      | MisterOstroum the Merfolk Skald began the quest for the
                  | Orb.
     0 | D:1      | Reached XP level 1. HP: 16/16 MP: 3/3
   242 | D:1      | Found a shimmering altar of Xom.
   284 | D:1      | Reached XP level 2. HP: 22/22 MP: 5/5
   289 | D:1      | Learned a level 2 spell: Song of Slaying
   651 | D:1      | Reached skill level 4 in Polearms
   778 | D:1      | Succumbed to a kobold's poison

Skill      XL: |  1  2 |
---------------+-------+-----
Polearms       | 4 |  4.0
Fighting       | |  2.1
Armour         | |  0.6
Dodging        | |  2.6
Spellcasting   | |  2.2
Charms         | |  3.5

Action                   || total
-------------------------++-------
Melee: Spear             ||    73
 Cast: Infusion          ||     2
       Song of Slaying   ||     1
 Stab: Sleeping          ||     3
Armor: Leather armour    ||    20
Dodge: Dodged            ||    39
